 Dungeon Crawl Stone Soup version 0.21.3-3-g218456f21e (webtiles) character file.

276 wlmhamsi the Geomancer (level 6, 0/44 HPs)
             Began as a Gnoll Wanderer on Nov 5, 2021.
             Succumbed to a killer bee's poison
             ... on level 3 of the Dungeon on Nov 19, 2021.
             The game lasted 02:51:23 (5423 turns).

wlmhamsi the Geomancer (Gnoll Wanderer)             Turns: 5423, Time: 02:51:24

Health: 0/44       AC:  6    Str: 16    XL:     6   Next: 25%
Magic:  13/13      EV:  9    Int: 14    God:
Gold:   99         SH:  9    Dex: 15    Spells: 14/15 levels left

rFire    . . .     SeeInvis .   a - +1 spear
rCold    . . .     Gourm    .   j - +0 shield
rNeg     . . .     Faith    .   o - +0 ring mail
rPois    .         Spirit   .   v - +0 helmet
rElec    .         Reflect  .   (no cloak)
rCorr    .         Harm     .   (no gloves)
MR       .....                  (no boots)
Stlth    ++........             (no amulet)
HPRegen  0.14/turn              (no ring)
MPRegen  0.13/turn              (no ring)

@: lethally poisoned (0 -> -4)
A: distributed training, fangs 1, strong nose
a: no special abilities


You were on level 3 of the Dungeon.
You were not hungry.

You visited 1 branch of the dungeon, and saw 3 of its levels.

You collected 99 gold pieces.

Inventory:

Hand Weapons
 a - a +1 spear (weapon)
 b - a +0 hunting sling of flaming
 n - a +0 whip
 x - a +0 hand axe
 z - a +2 mace of protection
 C - a +0 blowgun
Missiles
 q - 48 sling bullets
 t - 53 stones (quivered)
 D - 9 poisoned needles
Armour
 h - a +0 buckler
 j - a +0 shield (worn)
 k - a +1 helmet
 o - a +0 ring mail (worn)
 v - a +0 helmet (worn)
Jewellery
 i - a cursed amulet of inaccuracy {unknown}
 y - an uncursed ring of protection from magic {unknown}
Wands
 d - a wand of digging (14)
Scrolls
 c - 2 scrolls of identify
 r - 2 scrolls of fear {unknown}
 s - a scroll of teleportation {unknown}
 B - a scroll of magic mapping {unknown}
Potions
 e - a potion of heal wounds {unknown}
 g - a potion of brilliance {unknown}
 l - a potion of mutation {unknown}
 m - a potion of degeneration {unknown}
 p - a potion of agility {unknown}
Books
 u - Xevuckaph's Handbook of Fire

   Spells                             Type                      Level
   a - Flame Tongue                   Conjuration/Fire             1
   b - Ignite Poison                  Fire/Transmutation/Poison    3
 A - a book of Maledictions

   Spells                             Type                      Level
   a - Corona                         Hexes                        1
   b - Ensorcelled Hibernation        Hexes/Ice                    2
   c - Confuse                        Hexes                        3
   d - Tukima's Dance                 Hexes                        3
   e - Dazzling Spray                 Conjuration/Hexes            3
Comestibles
 f - 3 rations
 w - a chunk of flesh


   Skills:
 + Level 1.8 Fighting
 + Level 1.8 Short Blades
 + Level 1.8 Long Blades
 + Level 1.8 Axes
 + Level 1.8 Maces & Flails
 + Level 1.8 Polearms
 + Level 1.8 Staves
 + Level 1.8 Slings
 + Level 1.8 Bows
 + Level 1.8 Crossbows
 + Level 1.8 Throwing
 + Level 1.8 Armour
 + Level 1.8 Dodging
 + Level 3.0 Stealth
 + Level 3.1 Shields
 + Level 1.8 Unarmed Combat
 + Level 5.3 Spellcasting
 + Level 1.4 Conjurations
 + Level 1.4 Hexes
 + Level 1.4 Charms
 + Level 1.4 Summonings
 + Level 1.4 Necromancy
 + Level 1.4 Translocations
 + Level 2.5 Transmutations
 + Level 1.4 Fire Magic
 + Level 1.4 Ice Magic
 + Level 1.4 Air Magic
 + Level 8.9 Earth Magic
 + Level 1.4 Poison Magic
 + Level 2.0 Invocations
 + Level 1.8 Evocations


You had 14 spell levels left.
You knew the following spells:

 Your Spells              Type           Power        Failure   Level  Hunger
a - Flame Tongue          Conj/Fire      #....        63%         1    None


Dungeon Overview and Level Annotations

Branches:
Dungeon (3/15)

Altars:
Fedhas
Kikubaaqudgha
Yredelemnul
The Shining One

Annotations:
D:2 1 runed door


Innate Abilities, Weirdness & Mutations

Your experience applies equally to all skills.
You have very sharp teeth.
Your uncanny sense of smell can sniff out nearby items.


Message History

* * * LOW HITPOINT WARNING * * *
Unknown command.
You hit the killer bee.
The killer bee is almost dead.
* * * LOW HITPOINT WARNING * * *
You feel sick. You block the killer bee's attack. x2
You miss the killer bee.
The killer bee is almost dead.
You block the killer bee's attack. The killer bee stings you.
* * * LOW HITPOINT WARNING * * *
A killer bee comes into view.
The killer bee buzzes angrily.
You hit the killer bee.
You kill the killer bee!
Your Stealth skill increases to level 3!
Your Invocations skill increases to level 2!
* * * LOW HITPOINT WARNING * * *
You feel sick. The killer bee stings you.
* * * LOW HITPOINT WARNING * * *
You die...

#...##.##
....#...#####
#...#.#.....#
∆
##.##...###.#
#.######
#.### #.#
#.#.## #.#
#..#.## ...
##.###.##
#.## ##@#
##.###.##
###.#y##
#....y#
#.##.## ###
#######


You could see 2 killer bees.

Vanquished Creatures
  A killer bee (D:3)
  A centaur skeleton (D:3)
  Jessica (D:3)
  Natasha (D:2)
  Robin (D:2)
  4 adders
  2 oozes (D:3)
  3 worms (D:2)
  2 dart slugs
  2 leopard geckos (D:1)
  4 orcs (D:3)
  9 bats
  4 giant cockroaches
  10 goblins
  5 hobgoblins
  2 jackals (D:2)
  7 kobolds
  2 quokkas (D:2)
  4 ball pythons
  15 frilled lizards
  9 rats
89 creatures vanquished.

Notes
Turn   | Place    | Note
-------+----------+-------------------------------------------
     0 | D:1      | wlmhamsi the Gnoll Wanderer began the quest for the Orb.
     0 | D:1      | wlmhamsi set off with: a +0 shield, Xevuckaph's Handbook of Fire, a potion of curing, a +0 robe, a +0 club, a ration
     0 | D:1      | Reached XP level 1. HP: 13/13 MP: 6/6
     2 | D:1      | Learned a level 1 spell: Flame Tongue
   460 | D:1      | Reached XP level 2. HP: 10/19 MP: 7/7
  1391 | D:1      | Reached XP level 3. HP: 23/25 MP: 9/9
  1426 | D:1      | Reached skill level 5 in Spellcasting
  1895 | D:2      | Identified Xevuckaph's Handbook of Fire
  2001 | D:2      | Found a runed door.
  2046 | D:2      | Reached skill level 1 in Invocations
  2517 | D:2      | Reached skill level 1 in Fighting
  2517 | D:2      | Reached skill level 1 in Short Blades
  2517 | D:2      | Reached skill level 1 in Long Blades
  2517 | D:2      | Reached skill level 1 in Axes
  2517 | D:2      | Reached skill level 1 in Maces & Flails
  2517 | D:2      | Reached skill level 1 in Polearms
  2517 | D:2      | Reached skill level 1 in Staves
  2517 | D:2      | Reached skill level 1 in Slings
  2517 | D:2      | Reached skill level 1 in Bows
  2517 | D:2      | Reached skill level 1 in Crossbows
  2517 | D:2      | Reached skill level 1 in Throwing
  2517 | D:2      | Reached skill level 1 in Armour
  2517 | D:2      | Reached skill level 1 in Dodging
  2517 | D:2      | Reached skill level 1 in Unarmed Combat
  2517 | D:2      | Reached skill level 1 in Evocations
  2610 | D:2      | Noticed Natasha
  2699 | D:2      | Reached XP level 4. HP: 19/32 MP: 11/11
  3706 | D:2      | Killed Natasha
  3706 | D:2      | Reached skill level 1 in Conjurations
  3706 | D:2      | Reached skill level 1 in Hexes
  3706 | D:2      | Reached skill level 1 in Charms
  3706 | D:2      | Reached skill level 1 in Summonings
  3706 | D:2      | Reached skill level 1 in Necromancy
  3706 | D:2      | Reached skill level 1 in Translocations
  3706 | D:2      | Reached skill level 1 in Fire Magic
  3706 | D:2      | Reached skill level 1 in Ice Magic
  3706 | D:2      | Reached skill level 1 in Air Magic
  3706 | D:2      | Reached skill level 1 in Poison Magic
  3996 | D:3      | Reached XP level 5. HP: 37/37 MP: 12/12
  3997 | D:3      | Noticed Robin
  4084 | D:2      | Killed Robin
  4520 | D:3      | Found a basalt altar of Yredelemnul.
  4521 | D:3      | Found a glowing golden altar of the Shining One.
  4521 | D:3      | Found an ancient bone altar of Kikubaaqudgha.
  4521 | D:3      | Found a blossoming altar of Fedhas.
  4796 | D:3      | Noticed Jessica
  4814 | D:3      | Killed Jessica
  4814 | D:3      | Reached XP level 6. HP: 44/44 MP: 13/13
  5422 | D:3      | HP: 1/44 [killer bee (3)]
  5423 | D:3      | Succumbed to a killer bee's poison

Skill      XL: |  1  2  3  4  5  6 |
---------------+-------------------+-----
Transmutations | 2 |  2.5
Spellcasting   | 5 |  5.3
Invocations    | 1 2 |  2.0
Fighting       | 1 |  1.8
Short Blades   | 1 |  1.8
Long Blades    | 1 |  1.8
Axes           | 1 |  1.8
Maces & Flails | 1 |  1.8
Polearms       | 1 |  1.8
Staves         | 1 |  1.8
Slings         | 1 |  1.8
Bows           | 1 |  1.8
Crossbows      | 1 |  1.8
Throwing       | 1 |  1.8
Armour         | 1 |  1.8
Dodging        | 1 |  1.8
Unarmed Combat | 1 |  1.8
Evocations     | 1 |  1.8
Conjurations   | 1 |  1.4
Hexes          | 1 |  1.4
Charms         | 1 |  1.4
Summonings     | 1 |  1.4
Necromancy     | 1 |  1.4
Translocations | 1 |  1.4
Fire Magic     | 1 |  1.4
Ice Magic      | 1 |  1.4
Air Magic      | 1 |  1.4
Poison Magic   | 1 |  1.4
Shields        | 3 |  3.1
Stealth        | 3 |  3.0
Earth Magic    | |  8.9

Action                   |  1- 3 |  4- 6 || total
-------------------------+-------+-------++-------
Melee: Hand axe          |   169 |    64 ||   233
       Club              |     7 |       ||     7
       Bite              |    15 |    24 ||    39
       Spear             |       |   172 ||   172
 Fire: Hunting sling     |       |    11 ||    11
       Blowgun           |       |     4 ||     4
Throw: Stone             |     7 |    68 ||    75
  Use: Scroll            |       |     4 ||     4
       Potion            |       |     2 ||     2
 Stab: Sleeping          |     3 |       ||     3
       Distracted        |       |     1 ||     1
  Eat: Chunk             |     5 |    10 ||    15
Armor: Robe              |    14 |       ||    14
       Ring mail         |    27 |    67 ||    94
       Skin              |       |    18 ||    18
Dodge: Dodged            |    44 |    60 ||   104
Block: Shield            |    74 |    99 ||   173
